 Dungeon Crawl Stone Soup version 0.31.0-11-ge490571c62 (webtiles) character file.

Game seed: 8797882165214211502

5849 LustLizard the Cleaver (level 10, 0/139 HPs)
             Began as a Minotaur Berserker on Jan 26, 2024.
             Was an Elder of Trog.
             Slain by a troll (15 damage)
             ... on level 9 of the Dungeon.
             The game lasted 00:14:21 (8610 turns).

LustLizard the Cleaver (Minotaur Berserker)         Turns: 8610, Time: 00:14:22

Health: 0/139      AC:  8    Str: 30    XL:     10   Next: 51%
Magic:  9/9        EV: 26    Int:  6    God:    Trog [****..]
Gold:   406        SH:  5    Dex: 16    Spells: 9/9 levels left

rFire   . . .        I - +3 war axe
rCold   . . .        N - +0 buckler
rNeg    . . .        f - +0 ring mail
rPois   .            (helmet restricted)
rElec   .            s - +0 cloak
rCorr   .            (no gloves)
SInv    .            h - +1 pair of boots {Stlth+}
Will    .....        M - amulet of the acrobat Stlth
                     q - +6 ring of dexterity
HPRegen 0.43/turn    H - +6 ring of strength
MPRegen 0.11/turn

%: acrobat
@: berserking, acrobatic, slowed
A: horns 2, retaliatory headbutt
a: Renounce Religion, Berserk, Trog's Hand, Brothers in Arms


You were on level 9 of the Dungeon.
You worshipped Trog.
Trog was greatly pleased with you.
You visited 1 branch of the dungeon, and saw 9 of its levels.

You collected 530 gold pieces.
You spent 124 gold pieces at shops.

Inventory:

Hand Weapons
 I - a +3 war axe (weapon)
Missiles
 k - 5 boomerangs
 p - 10 poisoned darts
 t - a throwing net
Armour
 f - a +0 ring mail (worn)
 h - a +1 pair of boots of stealth (worn)
 s - a +0 cloak (worn)
 N - a +0 buckler (worn)
Jewellery
 i - a ring of magical power
 q - a +6 ring of dexterity (left hand)
 y - a ring of magical power
 B - a ring of ice
 H - a +6 ring of strength (right hand)
 M - an amulet of the acrobat (around neck)
Wands
 a - a wand of charming (1)
 o - a wand of polymorph (22)
 L - a wand of roots (7)
 P - a wand of digging (6)
Scrolls
 b - a scroll of noise {unknown}
 c - 4 scrolls of vulnerability {unknown}
 d - a scroll of immolation {unknown}
 j - a scroll of enchant weapon {unknown}
 r - 2 scrolls of butterflies {unknown}
 u - 2 scrolls of enchant armour {unknown}
 v - 3 scrolls of poison {unknown}
 w - 4 scrolls of fear {unknown}
 A - a scroll of fog {unknown}
 C - a scroll of brand weapon {unknown}
 F - 5 scrolls of revelation {unknown}
 G - 3 scrolls of teleportation {unknown}
 O - a scroll of amnesia {unknown}
Potions
 e - 3 potions of lignification
 g - 3 potions of resistance
 l - 4 potions of curing
 m - a potion of berserk rage
 x - 2 potions of might
 D - a potion of invisibility {unknown}
 E - a potion of heal wounds {unknown}
 J - 2 potions of ambrosia
 K - a potion of enlightenment {unknown}


   Skills:
 + Level 9.9 Fighting
 * Level 13.2 Axes
 + Level 7.4 Throwing
 - Level 2.4 Armour
 - Level 2.1 Dodging
 + Level 5.4 Shields


You had 9 spell levels left.
You didn't know any spells.
Your spell library was empty.

Dungeon Overview and Level Annotations

Branches:
Dungeon (9/15)             Temple (0/1) D:7             Orc (0/2) D:9
   Lair: D:8-11

Altars:
Ashenzari
Cheibriados
Dithmenos
Ru
Sif Muna
Uskayaw
Yredelemnul

Shops:
D:2 *   D:6 :


Innate Abilities, Weirdness & Mutations

You have a pair of horns on your head.
You reflexively headbutt those who attack you in melee.


Message History

The wraith is almost destroyed.
You slash the ogre! You block the wraith's attack.
The gnoll sergeant hits you from afar with a +0 trident.
Unknown command.
You slash the wraith!
You destroy the wraith!
Trog accepts your kill.
You slash the ogre! The ogre hits you with a +0 giant club!
The gnoll sergeant closely misses you.
Unknown command.
You slash the ogre!
You kill the ogre!
Trog accepts your kill. You block the gnoll sergeant's attack.
The ogre closely misses you. You furiously retaliate!
You headbutt the ogre.
The gnoll sergeant hits you from afar with a +0 trident!
You slice the ogre!!
The ogre is severely wounded.
You block the gnoll sergeant's attack. The ogre barely misses you.
Unknown command.
A red film seems to cover your vision as you go berserk!
You feel yourself moving faster!
You feel mighty! You block the gnoll sergeant's attack.
The ogre barely misses you. You furiously retaliate!
You headbutt the ogre!
The gnoll sergeant hits you from afar with a +0 trident!
* * * LOW HITPOINT WARNING * * *
You slash the ogre!
You kill the ogre!
Trog accepts your kill.
The kobold brigand throws a curare-tipped dart.
You block the curare-tipped dart. The gnoll sergeant closely misses you.
You closely miss the troll.
The gnoll sergeant hits you from afar with a +0 trident.
* * * LOW HITPOINT WARNING * * *
The troll closely misses you. The troll claws you!
* * * LOW HITPOINT WARNING * * *
The troll claws you.
* * * LOW HITPOINT WARNING * * *
The troll bites you!
You die... # ####### #8...8# ....# #..g..# #.... #o.Oo.# ...##...## #oOKgo# #...#....# 8goK8

#........
.#######T#####
#.......
#......@.....#
#.......
#....#######.##
#.....# ##.
#..####......
##...........
###...........
#........<....
#...#####........
### #..##....
#.####.##


You could see a troll, 2 kobold brigands, an ogre, 2 gnolls and 3 orcs.

Vanquished Creatures
  A cyclops (D:8)
  Jeremiah (D:8)
  A kobold demonologist (D:8)
  2 hornets (D:9)
  Prince Ribbit (D:6)
  A wraith (D:9)
  4 yaks (D:8)
  2 wyverns
  2 steam dragons (D:8)
  A water moccasin (D:6)
  2 black bears
  An orc warrior (D:9)
  An ice beast (D:6)
  A sky beast (D:8)
  3 ogres (D:9)
  A centaur (D:9)
  A phantom (D:6)
  A kobold brigand (D:8)
  3 bullfrogs (D:7)
  A scorpion (D:5)
  13 wights
  A howler monkey (D:4)
  A gnoll bouda (D:4)
  2 bombardier beetles
  8 orc priests
  4 hounds
  Jessica (D:3)
  6 orc wizards
  4 sleepcaps
  11 gnolls
  9 adders
  A shadow imp (D:4)
  A white imp (D:7)
  2 ufetubi (D:6)
  3 dart slugs
  A ribbon worm (D:2)
  29 orcs
  3 ball pythons (D:3)
  4 bats
  9 endoplasms
  A giant cockroach (D:3)
  7 goblins
  7 hobgoblins
  2 quokkas
  2 frilled lizards
  10 kobolds
  4 rats
177 creatures vanquished.

Notes
Turn   | Place    | Note
-------+----------+-------------------------------------------
     0 | D:1      | LustLizard the Minotaur Berserker began the quest for the
                  | Orb.
     0 | D:1      | Reached XP level 1. HP: 19/19 MP: 0/0
   142 | D:1      | Reached skill level 4 in Axes
   346 | D:1      | Reached XP level 2. HP: 18/27 MP: 1/1
  1153 | D:2      | Reached XP level 3. HP: 33/33 MP: 2/2
  1312 | D:2      | Found a hide-covered altar of Uskayaw.
  1547 | D:2      | Reached skill level 1 in Throwing
  1569 | D:2      | Found Laseytof's Assorted Antiques.
  1575 | D:2      | Bought a silvery potion for 23 gold pieces
  1575 | D:2      | Bought a scroll labelled HAD LOMUAMULUZ for 26 gold pieces
  1575 | D:2      | Bought a silvery potion for 23 gold pieces
  1909 | D:3      | Reached skill level 5 in Axes
  1934 | D:3      | Noticed Jessica
  1946 | D:3      | Killed Jessica
  1947 | D:3      | Reached XP level 4. HP: 41/41 MP: 3/3
  1950 | D:3      | Found a basalt altar of Yredelemnul.
  1951 | D:3      | Found a shadowy altar of Dithmenos.
  2158 | D:3      | Reached ** piety under Trog
  2392 | D:3      | Reached XP level 5. HP: 21/47 MP: 4/4
  2851 | D:3      | Found a snail-covered altar of Cheibriados.
  2854 | D:3      | Found a sacrificial altar of Ru.
  2854 | D:3      | Found a shimmering blue altar of Sif Muna.
  2943 | D:2      | Bought a scroll labelled NOREZOAPIS for 26 gold pieces
  2943 | D:2      | Bought a scroll labelled NOREZOAPIS for 26 gold pieces
  3003 | D:4      | Reached skill level 6 in Axes
  3028 | D:4      | Reached skill level 5 in Fighting
  3035 | D:4      | HP: 2/48 [burnt (3)]
  3040 | D:4      | HP: 1/48 [burnt (1)]
  3156 | D:4      | Reached XP level 6. HP: 36/56 MP: 5/5
  3472 | D:4      | Found a broken altar of Ashenzari.
  3905 | D:5      | Entered Level 5 of the Dungeon
  3945 | D:5      | Reached *** piety under Trog
  3946 | D:5      | Reached skill level 7 in Axes
  4047 | D:5      | Reached XP level 7. HP: 62/62 MP: 6/6
  4689 | D:6      | Reached skill level 8 in Axes
  4938 | D:6      | Found Sumekleurph's Tremendous Tomes.
  5107 | D:6      | Reached XP level 8. HP: 71/71 MP: 7/7
  5234 | D:6      | Reached skill level 9 in Axes
  5366 | D:6      | Noticed Prince Ribbit
  5384 | D:6      | Killed Prince Ribbit
  5764 | D:7      | Reached skill level 5 in Throwing
  5774 | D:6      | Reached skill level 10 in Axes
  6210 | D:7      | Found a staircase to the Ecumenical Temple.
  6266 | D:7      | Reached XP level 9. HP: 62/81 MP: 8/8
  6768 | D:7      | Reached **** piety under Trog
  6769 | D:7      | Reached skill level 11 in Axes
  6769 | D:7      | Reached skill level 1 in Shields
  7213 | D:8      | Noticed Jeremiah
  7227 | D:8      | Killed Jeremiah
  7294 | D:8      | Reached skill level 12 in Axes
  7476 | D:8      | Noticed a kobold demonologist
  7492 | D:8      | Killed a kobold demonologist
  7493 | D:8      | Reached XP level 10. HP: 88/91 MP: 9/9
  8178 | D:8      | Noticed a cyclops
  8182 | D:8      | Killed a cyclops
  8465 | D:9      | Paralysed by a hornet for 2 turns
  8470 | D:9      | Reached skill level 5 in Shields
  8470 | D:9      | Paralysed by a hornet for 1 turns
  8474 | D:9      | Reached skill level 13 in Axes
  8593 | D:9      | Found a staircase to the Orcish Mines.
  8610 | D:9      | Slain by a troll

Illustrated notes

Levels and vault maps discovered:
D:1:      hellmonk_arrival_library, layout_loops_cross, serial_co_window_serial,
          co_window_corner_a, co_window_corner_a, co_window_corner_a,
          co_window_corner_a, co_window_corner_a, co_window_corner_ca,
          co_window_paths_c, co_window_corner_ca, co_window_broadway_a,
          co_window_unsneaky_path_b, co_window_corner_b, glass_columns_a
D:2:      layout_loops_ring, serial_shops, nicolae_shop_tiny_glass, basic_altar,
          minmay_tromino_v4_c
D:3:      layout_basic, mainiacjoe_overflow_divided_tiny, minitemple,
          uniq_jessica
D:4:      layout_loops_ring, lemuel_round_altar
D:5:      layout_gridville, grunt_ministairs_11
D:6:      layout_gridville, moated_statue, serial_library_hellmonk_u_bend,
          nicolae_shop_i_like_big_books, uniq_prince_ribbit1
D:7:      layout_gridville, minmay_temple_entry_waves
D:8:      layout_basic, uniq_jeremiah
D:9:      layout_layer_cave, due_lair_maze_entry_diamond,
          kennysheep_orc_monster_closet_entryway, serial_glass, glass_columns_a,
          glass_columns_b, glass_columns_a, glass_columns_a, glass_columns_b,
          glass_columns_a, glass_columns_b, glass_columns_b, item_on_display_a,
          feat_on_display, item_on_display_a

Skill      XL: |  1  2  3  4  5  6  7  8  9 10 |
---------------+-------------------------------+-----
Axes           | 4 5 6 7 8 10 12 13 | 13.2
Fighting       | 4 5 6 8 9 |  9.9
Throwing       | 1 2 3 4 5 6 7 |  7.4
Shields        | 4 5 |  5.4
Armour         | |  2.4
Dodging        | |  2.1

Action                     |  1- 3 |  4- 6 |  7- 9 | 10-12 || total
---------------------------+-------+-------+-------+-------++-------
  Melee: Hand axe          |    54 |       |       |       ||    54
         Headbutt          |     9 |    26 |    45 |    14 ||    94
         Mace              |     6 |   135 |    84 |       ||   225
         Punch             |       |     2 |     1 |     1 ||     4
         War axe           |       |       |   103 |    64 ||   167
  Throw: Dart              |       |     2 |       |       ||     2
 Invoke: Berserk           |       |       |       |     2 ||     2
    Use: Potion            |       |     2 |       |       ||     2
         Scroll            |       |       |       |     6 ||     6
   Stab: Sleeping          |     1 |       |     2 |       ||     3
         Distracted        |       |     1 |     1 |       ||     2
 Armour: Animal skin       |     3 |       |       |       ||     3
         Ring mail         |    28 |   101 |   142 |    50 ||   321
  Dodge: Dodged            |    31 |    71 |    92 |    36 ||   230
  Block: Buckler           |       |       |       |    19 ||    19
